 Dungeon Crawl Stone Soup version 0.21.1-1-g345015fe64 (webtiles) character file.

39 Holzbalken the Grave Robber (level 3, 0/24 HPs)
             Began as a Vampire Necromancer on July 6, 2018.
             Slain by an adder (4 damage)
             ... on level 2 of the Dungeon.
             The game lasted 00:12:30 (2016 turns).

Holzbalken the Grave Robber (Vampire Necromancer)   Turns: 2016, Time: 00:12:30

Health: 0/24       AC:  2    Str:  7    XL:     3   Next: 28%
Magic:  0/6        EV: 13    Int: 18    God:
Gold:   117        SH:  0    Dex: 14    Spells: 2/6 levels left

rFire    . . .     SeeInvis +   n - -1 dagger (curse)
rCold    + . .     Gourm    .   (no shield)
rNeg     + + .     Faith    .   a - +0 robe
rPois    +         Spirit   .   (no helmet)
rElec    .         Reflect  .   (no cloak)
rCorr    .         Harm     .   (no gloves)
MR       .....                  (no boots)
Stlth    +++.......             (no amulet)
HPRegen  0.04/turn              (no ring)
MPRegen  0.10/turn              (no ring)

@: lethally poisoned (0 -> -6), regenerating slowly
A: fangs 3, see invisible, unbreathing
a: Bat Form


You were on level 2 of the Dungeon.
You were near bloodless.

You visited 1 branch of the dungeon, and saw 2 of its levels.

You collected 117 gold pieces.

Inventory:

Hand Weapons
 d - a +1 dagger
 n - a cursed -1 dagger (weapon)
Armour
 a - a +0 robe (worn)
Jewellery
 e - an uncursed amulet of rage {unknown}
 l - an uncursed ring of poison resistance {unknown}
Scrolls
 f - a scroll of identify {unknown}
 i - a scroll of teleportation {unknown}
 j - a scroll of enchant weapon
 k - a scroll of noise {unknown}
 m - 2 scrolls of enchant armour {unknown}
Potions
 c - 10 potions of blood
 g - 2 potions of haste {unknown}
 h - a potion of curing {unknown}
 o - a potion of agility {unknown}
Books
 b - a book of Necromancy

   Spells                             Type                      Level
   a - Pain                           Necromancy                   1
   b - Animate Skeleton               Necromancy                   1
   c - Vampiric Draining              Necromancy                   3
   d - Regeneration                   Charms/Necromancy            3
   e - Animate Dead                   Necromancy                   4
   f - Borgnjor's Vile Clutch         Necromancy/Earth             5


   Skills:
 + Level 2.7 Dodging
 - Level 3.0 Stealth
 + Level 2.4 Spellcasting
 * Level 5.1 Necromancy


You had 2 spell levels left.
You knew the following spells:

 Your Spells              Type           Power        Failure   Level  Hunger
a - Pain                  Necr           ###.         1%          1    #......
b - Vampiric Draining     Necr           ###.......   6%          3    ###....


Dungeon Overview and Level Annotations

Branches:
Dungeon (2/15)

Altars:


Innate Abilities, Weirdness & Mutations

You heal slowly.
You have razor-sharp teeth.
You have supernaturally acute eyesight. (SInv)
You can survive without breathing.


Message History

You hit the adder but do no damage.
The adder is moderately wounded.
The adder closely misses you.
You barely miss the adder.
The adder is moderately wounded.
The adder closely misses you. The adder barely misses you.
You hit the adder.
The adder is heavily wounded.
The adder completely misses you.
You hit the adder.
The adder is severely wounded.
You feel sick. The adder misses you.
You hit the adder.
The adder is severely wounded.
The adder bites you. The kobold hits you with a short sword!
* * * LOW HITPOINT WARNING * * *
You barely miss the adder.
The adder is severely wounded.
The adder bites you.
You die...

...S...##..<.......
#.....##.######...
##.....##..
.........###
#......# #....(.# #
##......# #
#.....SK#### #
#.....#@...# #
#.....#....# #
+.....#....# #
###.#.#....# #
#.#.#....#### #
#<#.#.......# #
#.#.##......# # #.#
#......+ # ..#
#......# #######


You could see an adder and a kobold.

Vanquished Creatures
  An adder (D:2)
  A worm (D:2)
  A dart slug (D:1)
  A leopard gecko (D:1)
  4 goblins
  5 hobgoblins
  4 kobolds (D:1)
  A quokka (D:2)
  A ball python (D:1)
  2 bats (D:1)
  2 rats (D:1)
23 creatures vanquished.

Notes
Turn   | Place    | Note
-------+----------+-------------------------------------------
     0 | D:1      | Holzbalken the Vampire Necromancer began the quest for the Orb.
     0 | D:1      | Reached XP level 1. HP: 13/13 MP: 3/3
   637 | D:1      | Reached XP level 2. HP: 19/19 MP: 5/5
  1748 | D:2      | Reached skill level 5 in Necromancy
  1748 | D:2      | Reached XP level 3. HP: 14/24 MP: 1/6
  1755 | D:2      | Learned a level 3 spell: Vampiric Draining
  2016 | D:2      | Slain by an adder

Skill      XL: |  1  2 |
---------------+-------+-----
Necromancy     | 5 |  5.1
Dodging        | |  2.7
Stealth        | |  3.0
Spellcasting   | |  2.4

Action                   || total
-------------------------++-------
Melee: Dagger            ||    58
       Bite              ||     3
       Unarmed           ||     1
 Cast: Pain              ||    28
       Vampiric Draining ||     5
  Use: Scroll            ||     1
       Potion            ||     1
 Stab: Sleeping          ||     2
Armor: Robe              ||     8
Dodge: Dodged            ||    45
